[Event "II Zicosur 2016"]
[Site "Antofagasta"]
[Date "2016.01.07"]
[Round "5"]
[White "Garcia Cardenas, Pablo"]
[Black "Vera Siguenas, Deivy"]
[Result "1-0"]
[ECO "E63"]
[WhiteElo "2405"]
[BlackElo "2498"]
[Annotator "Robot 9"]
[PlyCount "197"]
[EventDate "2016.??.??"]
[EventCountry "CHI"]
[TimeControl "5400+30"]

1. d4 Nf6 2. c4 g6 3. Nf3 Bg7 4. g3 O-O 5. Bg2 d6 6. O-O Nc6 7. Nc3 a6 8. Bf4 h6 9. h3 Rb8 10. Rc1 g5 11. Bd2 Bd7 12. b3 e6 13. d5 Ne7 14. e4 Ng6 15. dxe6 fxe6 16. e5 dxe5 17. Re1 Nh7 18. Qc2 Qf6 19. Ne4 Qf7 20. Bb4 Rfe8 21. Re2 Bc6 22. Bc3 Nhf8 23. Rce1 Nd7 24. Qb2 Rbd8 25. Qa1 Qf5 26. Re3 b5 27. cxb5 axb5 28. Ned2 Rf8 29. Qc1 Bd5 30. a4 bxa4 31. bxa4 h5 32. Qb1 g4 33. hxg4 Qxb1 34. Nxb1 hxg4 35. Nh2 Bxg2 36. Kxg2 Nf6 37. R3e2 Ra8 38. a5 Rfd8 39. Bxe5 Nxe5 40. Rxe5 Rd5 41. Rxe6 Rdxa5 42. Nc3 Rf8 43. Ne4 Ra4 44. Nxf6+ Rxf6 45. R6e4 Rxe4 46. Rxe4 c5 47. Re8+ Bf8 48. Nxg4 Rc6 49. Ne5 Rc7 50. Ng6 Kf7 51. Rxf8+ Kxg6 52. Rf3 c4 53. Rc3 Kf5 54. Kf3 Ke5 55. Ke3 Kd5 56. g4 Re7+ 57. Kf4 Kd4 58. Rc1 Rf7+ 59. Kg3 Kd3 60. g5 c3 61. f4 Kd2 62. Ra1 c2 63. Kf3 Ra7 64. Rf1 Ra3+ 65. Kg4 Re3 66. Ra1 Ra3 67. Rf1 Re3 68. g6 Re1 69. Rxe1 Kxe1 70. g7 Kf2 71. g8=Q c1=Q 72. Qa2+ Ke3 73. Qe6+ Kd3 74. Qd5+ Ke3 75. Qe5+ Kd3 76. f5 Qc4+ 77. Kg5 Qg8+ 78. Kh6 Qf8+ 79. Kg6 Qg8+ 80. Qg7 Qe8+ 81. Qf7 Qe4 82. Qb3+ Kd2 83. Kg5 Qe5 84. Kg6 Qe4 85. Qe6 Qb1 86. Qd5+ Ke3 87. Qc5+ Kf4 88. Qd4+ Kf3 89. Kf6 Qb8 90. Qd3+ Kf4 91. Qf1+ Ke3 92. Qe1+ Kf3 93. Kf7 Qb3+ 94. Qe6 Qb7+ 95. Kg6 Qb1 96. Qd5+ Ke3 97. Kf7 Kf4 98. f6 Qh7+ 99. Ke8 {[%emt 0:00:34] Ke4} 1-0

[Event "II Zicosur 2016"]
[Site "Antofagasta"]
[Date "2016.01.07"]
[Round "5"]
[White "Pichot, Alan"]
[Black "Cruz, Cristhian"]
[Result "1-0"]
[ECO "C18"]
[WhiteElo "2517"]
[BlackElo "2553"]
[Annotator "Robot 9"]
[PlyCount "61"]
[EventDate "2016.??.??"]
[EventCountry "CHI"]
[TimeControl "5400+30"]

1. e4 e6 2. d4 d5 3. Nc3 Bb4 4. e5 c5 5. a3 Bxc3+ 6. bxc3 Qa5 7. Bd2 Qa4 8. Qb1 c4 9. h4 Nc6 10. h5 h6 11. Ne2 Nge7 12. Rh3 Bd7 13.
Rf3 Rf8 14. g4 O-O-O 15. g5 Nf5 16. Bh3 hxg5 17. Bxf5 exf5 18. Bxg5 Rde8 19. Kf1 Nd8 20. Bxd8 Rxd8 21. Nf4 Rh8 22. Ke2 Be6 23. Rg3 Rh7 24. Kd2 Qe8 25. Qg1 Qh8 26. Qg2 g6 27. hxg6 Rh4 28. Rh3 Rxh3 29. Qxh3 Qxh3 30. Nxh3 fxg6 31. Ng5 1-0

[Event "II Zicosur 2016"]
[Site "Antofagasta"]
[Date "2016.01.07"]
[Round "5"]
[White "Granda Zuniga, Julio E"]
[Black "Alarcon Bahamondes, Roberto"]
[Result "1-0"]
[ECO "A03"]
[WhiteElo "2683"]
[BlackElo "2257"]
[Annotator "Robot 9"]
[PlyCount "85"]
[EventDate "2016.??.??"]
[EventCountry "CHI"]
[TimeControl "5400+30"]

1. f4 d5 2. Nf3 g6 3. d3 Bg7 4. Nbd2 Nh6 5. e4 c6 6. e5 O-O 7. Be2 f6 8. Nb3 b6 9. c3 c5 10. d4 c4 11. Nbd2 Ng4 12. Nf1 Nc6 13. h3 Nh6 14. g4 b5 15.
Ng3 f5 16. g5 Nf7 17. h4 Qb6 18. h5 a5 19. Nh4 Ncd8 20. Bf3 Bb7 21. Qe2 Re8 22. Be3 Nh8 23. hxg6 hxg6 24. Qh2 Rf8 25. Nhxf5
Rxf5 26. Nxf5 gxf5 27. Qh7+ Kf8 28. Qxf5+ Kg8 29. Qh7+ Kf8 30. f5 Bxe5 31. f6 Nhf7 32. Qg7+ Ke8 33. Qg8+ Kd7 34. Bg4+ e6 35. Rh7 Bg3+ 36. Ke2 b4 37. Rxf7+ Kc8 38. Rf8 bxc3 39. bxc3 Qb2+ 40. Kf3 Qxa1 41. Kxg3 Qe1+ 42. Bf2 Qxc3+ 43. Kg2 1-0

[Event "II Zicosur 2016"]
[Site "Antofagasta"]
[Date "2016.01.07"]
[Round "5"]
[White "Perez Ponsa, Federico"]
[Black "Cheparinov, Ivan"]
[Result "1/2-1/2"]
[ECO "C84"]
[WhiteElo "2577"]
[BlackElo "2682"]
[Annotator "Robot 9"]
[PlyCount "76"]
[EventDate "2016.??.??"]
[EventCountry "CHI"]
[TimeControl "5400+30"]

1. e4 e5 2. Nf3 Nc6 3. Bb5 a6 4. Ba4 Nf6 5. O-O Be7 6. d3 b5 7. Bb3 d6 8. a3 O-O 9. Nc3 Rb8 10. h3 Na5 11. Ba2 c5 12. Bg5 Be6 13.
Bxf6 Bxf6 14. Nd5 c4 15. dxc4 Nxc4 16. Bxc4 bxc4 17. b3 cxb3 18. cxb3 Bxd5 19. Qxd5 Rb5 20. Qd3 d5 21. Rab1 dxe4 22. Qxe4 Qa5 23. a4 Rb4 24. Qc2 h6 25. Nd2 Rd8 26. Nc4 Qc5 27. Rfd1 Rd4 28. Rxd4 exd4 29. Qe4 Rb8 30. g3 Qb4 31. Kg2 Rd8 32. Qd3 Qc3 33. Qxc3 dxc3 34. b4 Rd4 35. Ne3 Rd2 36. b5 Bd4 37. Kf3 Rb2 38. Rd1 Bxe3 1/2-1/2

[Event "II Zicosur 2016"]
[Site "Antofagasta"]
[Date "2016.01.07"]
[Round "5"]
[White "Tiviakov, Sergei"]
[Black "Delgado Ramirez, Neuris"]
[Result "1/2-1/2"]
[ECO "B52"]
[WhiteElo "2611"]
[BlackElo "2609"]
[Annotator "Robot 9"]
[PlyCount "41"]
[EventDate "2016.??.??"]
[EventCountry "CHI"]
[TimeControl "5400+30"]

1. e4 c5 2. Nf3 d6 3. Bb5+ Bd7 4. Bxd7+ Nxd7 5. Nc3 e6 6. O-O Ngf6 7. d3 Be7 8. Ng5 Ne5 9. f4 Nc6 10. Kh1 Nd7 11. Be3 Bxg5 12. fxg5 Nde5 13. Qd2 Qe7 14. a3 O-O 15. Ne2 f6 16. gxf6 Rxf6 17. Bg5 Rxf1+ 18. Rxf1 Qd7 19. Qe3 h6 20. Bh4 Rf8 21. Rxf8+ 1/2-1/2

[Event "II Zicosur 2016"]
[Site "Antofagasta"]
[Date "2016.01.07"]
[Round "5"]
[White "El Debs, Felipe de Cresce"]
[Black "Escalante Ramirez, Brian Sebasti"]
[Result "0-1"]
[ECO "E92"]
[WhiteElo "2514"]
[BlackElo "2331"]
[Annotator "Robot 9"]
[PlyCount "78"]
[EventDate "2016.??.??"]
[EventCountry "CHI"]
[TimeControl "5400+30"]

1. d4 Nf6 2. c4 g6 3. Nc3 Bg7 4. e4 d6 5. Nf3 O-O 6. Be2 e5 7. Be3 Na6 8. O-O Ng4 9. Bg5 Qe8 10. dxe5 dxe5 11. h3 f6 12. Bd2 Nh6 13. Be3 c6 14. c5 Nc7 15. Nd2 f5 16. exf5 Nxf5 17. Nde4 Be6 18. Nd6 Qe7 19. Qd2 Nxe3 20. Qxe3 Nd5 21. Nxd5 cxd5 22. Rad1 b6 23. b4 a5 24. a3 axb4 25. axb4 bxc5 26. bxc5 Kh8 27. Bg4 Bg8 28. Rb1 e4 29. Rb7 Qe5 30. Rd7 Ra1 31. Be2 Be6 32. Rb7 Rxf1+ 33. Bxf1 Qf6 34. Qg3 Bh6 35. Rb1 Bf4 36. Qa3 Be5 37. Qa2 Bd4 38. c6 Bxf2+ 39. Kh1 Bg3 0-1

[Event "II Zicosur 2016"]
[Site "Antofagasta"]
[Date "2016.01.07"]
[Round "5"]
[White "Valenzuela Gomez, Fernando"]
[Black "Rodriguez Vila, Andres"]
[Result "0-1"]
[ECO "A89"]
[WhiteElo "2293"]
[BlackElo "2487"]
[Annotator "Robot 9"]
[PlyCount "54"]
[EventDate "2016.??.??"]
[EventCountry "CHI"]
[TimeControl "5400+30"]

1. d4 f5 2. g3 Nf6 3. Bg2 g6 4. Nf3 Bg7 5. c4 O-O 6. O-O d6 7. Nc3 Nc6 8. d5
Na5 9. Qa4 b6 10. Nd2 Bd7 11. Qc2 c5 12. dxc6 Bxc6 13. Bxc6 Nxc6 14. Nf3 Qd7
15. Rb1 e5 16. Bg5 e4 17. Nh4 Ne5 18. Rfd1 Rac8 19. b3 b5 20. cxb5 f4 21. Bxf4
Qh3 22. f3 Nh5 23. Ng2 Rxc3 24. Qxe4 Nf6 25. Qd4 Nfg4 26. Qd5+ Kh8 27. fxg4
Nxg4 0-1

[Event "Zicosur Open"]
[Site "chess24.com"]
[Date "2016.01.08"]
[Round "6.1"]
[White "Granda Zuniga, Julio E"]
[Black "Pichot, Alan"]
[Result "1/2-1/2"]
[WhiteElo "2683"]
[BlackElo "2517"]
[PlyCount "54"]
[EventDate "2016.??.??"]
[WhiteTeam "Perú"]
[BlackTeam "Argentina"]
[WhiteTeamCountry "PER"]
[BlackTeamCountry "ARG"]
[TimeControl "6000+820"]
[WhiteClock "1:06:58"]
[BlackClock "0:35:33"]

1. Nf3 Nf6 2. c4 g6 3. b4 Bg7 4. Bb2 d6 5. d4 O-O 6. Qb3 a5 7. b5 a4 8. Qa3 c6
9. e3 Qa5+ 10. Bc3 Qc7 11. Bd3 Nbd7 12. O-O e5 13. bxc6 bxc6 14. Nbd2 Re8 15.
Ne1 exd4 16. exd4 d5 17. Nef3 Ba6 18. Rfe1 Ne4 19. Nxe4 dxe4 20. Bxe4 Bxc4 21.
Bb4 Nf6 22. Bd6 Bf8 23. Bxf8 Nxe4 24. Ne5 Bd5 25. f3 Nf6 26. Bd6 Qa7 27. Qe3
Re6 1/2-1/2

[Event "Zicosur Open"]
[Site "chess24.com"]
[Date "2016.01.08"]
[Round "6.2"]
[White "Cheparinov, Ivan"]
[Black "Tiviakov, Sergei"]
[Result "1-0"]
[WhiteElo "2682"]
[BlackElo "2611"]
[PlyCount "79"]
[EventDate "2016.??.??"]
[WhiteTeam "Bulgaria"]
[BlackTeam "Holanda"]
[WhiteTeamCountry "BUL"]
[BlackTeamCountry "NED"]
[TimeControl "6000+1470"]
[WhiteClock "0:44:19"]
[BlackClock "0:02:24"]

1. d4 Nf6 2. c4 e6 3. Nf3 b6 4. g3 Bb7 5. Bg2 Be7 6. O-O O-O 7. Nc3 Na6 8. Ne5
d5 9. cxd5 exd5 10. Bf4 c5 11. Rc1 Ne4 12. Nxe4 dxe4 13. dxc5 Nxc5 14. Qc2 Rc8
15. Rcd1 Qe8 16. Bh3 Ne6 17. Qb3 Nc5 18. Qa3 Na4 19. Qe3 f5 20. Rd4 Kh8 21. Nd7
Rf7 22. Rxa4 Qxd7 23. Rxa7 Bc5 24. Qb3 b5 25. Rd1 Qe7 26. Bg5 Qf8 27. Ra5 Bc6
28. Ra6 Bb7 29. Re6 b4 30. Re5 Bb6 31. Qe6 Rc6 32. Qe8 h6 33. Rd7 e3 34. Rxb7
exf2+ 35. Kg2 hxg5 36. Rxf7 f1=Q+ 37. Kxf1 Rc1+ 38. Kg2 Rg1+ 39. Kf3 g4+ 40.
Kf4 1-0

[Event "Zicosur Open"]
[Site "chess24.com"]
[Date "2016.01.08"]
[Round "6.4"]
[White "Lopez Silva, Hugo"]
[Black "Rodriguez Vila, Andres"]
[Result "1-0"]
[WhiteElo "2426"]
[BlackElo "2487"]
[PlyCount "219"]
[EventDate "2016.??.??"]
[WhiteTeam "Chile"]
[BlackTeam "Uruguay"]
[WhiteTeamCountry "CHI"]
[BlackTeamCountry "URU"]
[TimeControl "6000+1255"]
[WhiteClock "0:03:24"]
[BlackClock "0:16:17"]

1. e4 e6 2. Nf3 d5 3. Nc3 Nf6 4. e5 Nfd7 5. d4 Be7 6. Bf4 g5 7. Bg3 h5 8. h4 g4
9. Ng5 Nf8 10. Qd2 Rg8 11. O-O-O Rg7 12. f3 Nc6 13. Ne2 Ng6 14. Nf4 Nxf4 15.
Bxf4 gxf3 16. Nxf3 Qd7 17. Ng5 Nb4 18. Kb1 Qa4 19. a3 Nc6 20. Qd3 Bd7 21. Be2
O-O-O 22. Bxh5 f6 23. Nf3 Rxg2 24. exf6 Bxf6 25. Bg5 Rf8 26. Bxf6 Rxf6 27. Rhg1
Rxg1 28. Rxg1 Rf8 29. Bg6 e5 30. Nxe5 Qxd4 31. Qxd4 Nxd4 32. h5 Ne2 33. Rh1 Ng3
34. Rh2 Be6 35. h6 Ne4 36. c3 Ng5 37. Rh5 Nh3 38. h7 Rh8 39. Rxh3 Bxh3 40. Nf7
Rf8 41. h8=Q Rxh8 42. Nxh8 Kd7 43. Bd3 c5 44. Ng6 Kd6 45. Kc1 a5 46. Kd2 Bd7
47. Ke3 b5 48. Kf4 b4 49. axb4 axb4 50. cxb4 cxb4 51. Ne5 Ba4 52. Nf3 Bb3 53.
Ke3 Kc5 54. Nd4 Bd1 55. Bc2 Bg4 56. Nb3+ Kc4 57. Nd4 Kc5 58. Bf5 Bd1 59. Bd3
Ba4 60. b3 Be8 61. Ne6+ Kd6 62. Ng7 Bf7 63. Kd4 Kd7 64. Nf5 Bh5 65. Ne3 Kd6 66.
Bf1 Bg6 67. Bg2 Bb1 68. Bxd5 Ba2 69. Nc2 Bxb3 70. Bxb3 Ke7 71. Nxb4 Kf6 72. Ke4
Kg5 73. Nd3 Kg6 74. Kf4 Kf6 75. Ne5 Ke7 76. Kf5 Kd6 77. Nd3 Ke7 78. Bc4 Kd7 79.
Ke5 Kc7 80. Ke6 Kc6 81. Ke7 Kc7 82. Nc5 Kb6 83. Nd3 Kc6 84. Ke6 Kc7 85. Bb5 Kb6
86. Ba4 Kc7 87. Ke7 Kb7 88. Kd6 Kb6 89. Bd7 Kb7 90. Bb5 Kb6 91. Bc6 Ka6 92. Kc5
Ka7 93. Nb4 Kb8 94. Nd5 Kc8 95. Kd6 Kb8 96. Kc5 Ka7 97. Kb5 Kb8 98. Bd7 Kb7 99.
Be6 Ka7 100. Bc8 Kb8 101. Ba6 Ka7 102. Ka5 Ka8 103. Kb6 Kb8 104. Ne7 Ka8 105.
Kb5 Kb8 106. Kb6 Ka8 107. Nd5 Kb8 108. Nb4 Ka8 109. Bb7+ Kb8 110. Nc6# 1-0

[Event "II Zicosur 2016"]
[Site "Antofagasta"]
[Date "2016.01.10"]
[Round "9"]
[White "Tiviakov, Sergei"]
[Black "Perez Ponsa, Federico"]
[Result "0-1"]
[ECO "B17"]
[WhiteElo "2611"]
[BlackElo "2577"]
[PlyCount "108"]
[EventDate "2016.??.??"]
[EventCountry "CHI"]
[TimeControl "5400+30"]

1. e4 c6 2. d4 d5 3. Nd2 dxe4 4. Nxe4 Nd7 5. Nf3 Ngf6 6. Ng3 e6 7. Bd3 Be7 8. O-O O-O 9. b3 b6 10. Bb2 Bb7 11. c4 c5 12. Qe2 Re8 13.
dxc5 Bxc5 14. Ne5 Nxe5 15. Bxe5 Qe7 16. Rad1 Rad8 17. h3 Bd6 18. Bc3 Bb4 19. Bb2 Ba3 20. Ba1 e5 21. Ne4 Nd7 22. Bc2 Nf8 23.
Nc3 Ng6 24. Be4 f5 25. Rxd8 Rxd8 26. Bd5+ Bxd5 27. Nxd5 Qf7 28.
b4 a5 29. bxa5 bxa5 30. Qe3 Bf8 31. Qb6 Rc8 32. Qa6 Qe8 33.
Rc1 Ra8 34. Qb6 Qf7 35. Qb5 e4 36. Nb6 Rd8 37. c5 Nf4 38.
c6 Qg6 39. g3 Rd3 40. Qc4+ Kh8 41. Rc3 Nxh3+ 42. Kh2 Qh5 43. Rxd3 Nxf2+ 44. Kg2 Nxd3 45. c7 Qe2+ 46. Kg1 Qe1+ 47. Kg2 Qe2+ 48. Kg1 Qf2+ 49. Kh1 Ne1 50. Bxg7+ Kxg7 51. Qc3+ Kg6 52. Qc6+ Kg5 53. Qc1+ e3 54. Qc6 Nf3 0-1

[Event "II Zicosur 2016"]
[Site "Antofagasta"]
[Date "2016.01.10"]
[Round "9"]
[White "Garcia Cardenas, Pablo"]
[Black "Granda Zuniga, Julio E"]
[Result "0-1"]
[ECO "E38"]
[WhiteElo "2405"]
[BlackElo "2683"]
[PlyCount "96"]
[EventDate "2016.??.??"]
[EventCountry "CHI"]
[TimeControl "5400+30"]

1. d4 Nf6 2. c4 e6 3. Nc3 Bb4 4. Qc2 c5 5. dxc5 Bxc5 6. Nf3 O-O 7. Bf4 a6 8. e3 b6 9. Rd1 Bb7 10. Be2 Be7 11. Bd6 Bxd6 12. Rxd6 Qc7 13. Rd2 Nc6 14. O-O Rac8 15. Ne4 Nxe4 16. Qxe4 Ne7 17. Qe5 d5 18. cxd5 Nxd5 19. Rfd1 b5 20. Bd3 Qxe5 21. Nxe5 Rc7 22. Bb1 f6 23. Nd3 Rfc8 24. a3 Kf7 25. Ba2 g5 26. h4 h6 27. hxg5 hxg5 28.
e4 Nb6 29. f3 Ke7 30. b4 Rd8 31. Nc5 Rxd2 32. Rxd2 Bc8 33. e5 fxe5 34. Re2 Nd7 35. Nxe6 Rc1+ 36. Kh2 Kf6 37. Rd2 Rc3 38. Bd5 e4 39. Nxg5 Kxg5 40. Bxe4 Nf6 41. Ba8 Rxa3 42. Rc2 Bd7 43. Rc5+ Kf4 44. Bb7 Ra2 45. Rc3 Ke5 46. Kg3 Kd6 47. Rc1 Nd5 48. Rd1 Bc6 0-1

[Event "II Zicosur 2016"]
[Site "Antofagasta"]
[Date "2016.01.10"]
[Round "9"]
[White "Delgado Ramirez, Neuris"]
[Black "Cheparinov, Ivan"]
[Result "1/2-1/2"]
[ECO "B51"]
[WhiteElo "2609"]
[BlackElo "2682"]
[PlyCount "28"]
[EventDate "2016.??.??"]
[EventCountry "CHI"]
[TimeControl "5400+30"]

1. e4 c5 2. Nf3 d6 3. Bb5+ Nd7 4. d4 cxd4 5. Qxd4 a6 6. Bxd7+ Bxd7 7. c4 b5 8. Nc3 e5 9. Qd3 bxc4 10. Qxc4 Be6 11. Qc6+ Bd7 12. Qc4 Be6 13. Qc6+ Bd7 14. Qc4 Be6 1/2-1/2

[Event "II Zicosur 2016"]
[Site "Antofagasta"]
[Date "2016.01.10"]
[Round "9"]
[White "Lopez Silva, Hugo"]
[Black "Cruz, Cristhian"]
[Result "0-1"]
[ECO "B48"]
[WhiteElo "2426"]
[BlackElo "2553"]
[PlyCount "99"]
[EventDate "2016.??.??"]
[EventCountry "CHI"]
[TimeControl "5400+30"]

1. e4 c5 2. Nf3 e6 3. d4 cxd4 4. Nxd4 Nc6 5. Nc3 Qc7 6. Be3 a6 7. Qd2 Nf6 8. f3 Be7 9. g4 d6 10. O-O-O Ne5 11. g5 Nfd7 12. Kb1 b5 13. f4 Nc4 14. Bxc4 Qxc4 15. f5 b4 16. Na4 e5 17. b3 Qc7 18. Ne2 a5 19. Ng3 Bb7 20. Qf2 Bc6 21. Nb6 Nxb6 22. Bxb6 Qb7 23. f6 gxf6 24. gxf6 Bf8 25. Rhe1 Ra6 26. Be3 a4 27. Qd2 Rg8 28. Bc5 axb3 29. cxb3 Bd7 30. Bxb4 Rg4 31. Kb2 Rf4 32. Nh5 Qa7 33. Ka1 Rf2 34. Re2 Rxe2 35. Qxe2 Bg4 36. Qb5+ Kd8 37. Rd2 Bxh5 38. Qxe5 Rxa2+ 39. Kb1 Rxd2 40. Ba5+ Kd7 41. Qb5+ Kc8 42. Bxd2 Qg1+ 43. Ka2 Qf2 44. Qc6+ Kb8 45. Qb5+ Kc7 46. Qa5+ Kd7 47. Qb5+ Ke6 48. Qd5+ Kxf6 49. Kb1 Qg1+ 50. Kb2 {[%emt 0:01:03] Ke5} 0-1

[Event "II Zicosur 2016"]
[Site "Antofagasta"]
[Date "2016.01.10"]
[Round "9"]
[White "Obregon, Andres Carlos"]
[Black "Principe, Alexander"]
[Result "1-0"]
[ECO "B90"]
[WhiteElo "2530"]
[BlackElo "2339"]
[PlyCount "73"]
[EventDate "2016.??.??"]
[EventCountry "CHI"]
[TimeControl "5400+30"]

1. e4 c5 2. Nf3 d6 3. d4 cxd4 4. Nxd4 Nf6 5. Nc3 a6 6. Be3 e5 7. Nb3 Be6 8. Qd2 Be7 9. O-O-O O-O 10. f4 Ng4 11. g3 Nd7 12. Kb1 b5 13.
Bg1 Rc8 14. Nd5 Bxd5 15. exd5 f5 16. Na5 Qe8 17. Bd3 Bd8 18.
Nb7 Bc7 19. h3 Nh6 20. Be3 e4 21. Be2 Qe7 22. Na5 Bb6 23. Nc6 Qf7 24. c4 Bxe3 25. Qxe3 bxc4 26. Bxc4 Nb8 27. Bb3 Kh8 28. Nd4 Nd7 29. Ne6 Rfe8 30. Rc1 Ng8 31. Rc6 Qe7 32. Rhc1 Nc5 33. Nxc5 Rxc6 34. dxc6 dxc5 35. Qxc5 Qxc5 36. Rxc5 e3 37. Bc4 1-0

[Event "II Zicosur 2016"]
[Site "Antofagasta"]
[Date "2016.01.10"]
[Round "9"]
[White "Pichot, Alan"]
[Black "Gemy, Jose Daniel"]
[Result "1-0"]
[ECO "C65"]
[WhiteElo "2517"]
[BlackElo "2407"]
[PlyCount "71"]
[EventDate "2016.??.??"]
[EventCountry "CHI"]
[TimeControl "5400+30"]

1. e4 e5 2. Nf3 Nc6 3. Bb5 Nf6 4. d3 Bc5 5. c3 O-O 6. O-O d6 7. h3 Ne7 8. d4 Bb6 9. Re1 c6 10. Ba4 Ng6 11. Nbd2 Re8 12. Bc2 h6 13. a4 Be6 14. Nf1 a5 15. Ng3 Qc7 16. b3 Rad8 17. Be3 d5 18. Nxe5 Nxe5 19.
Bf4 Nfd7 20. dxe5 Nxe5 21. Qh5 f6 22. exd5 Bxd5 23. Qf5 Qf7 24.
Qh7+ Kf8 25. c4 Be6 26. Bxe5 fxe5 27. Bg6 Qxf2+ 28. Kh2 Bg8 29. Qh8 Qf6 30. Rf1 Bf2 31. Rxf2 Qxf2 32. Bxe8 Rxe8 33. Rf1 Qxf1 34. Nxf1 Kf7 35. Ng3 Kg6 36. Nh5 1-0

[Event "II Zicosur 2016"]
[Site "Antofagasta"]
[Date "2016.01.10"]
[Round "9"]
[White "El Debs, Felipe de Cresce"]
[Black "Belmonte, Diego Mariano"]
[Result "1/2-1/2"]
[ECO "E46"]
[WhiteElo "2514"]
[BlackElo "2258"]
[PlyCount "125"]
[EventDate "2016.??.??"]
[EventCountry "CHI"]
[TimeControl "5400+30"]

1. d4 Nf6 2. c4 e6 3. Nc3 Bb4 4. e3 O-O 5. Nge2 Re8 6. a3 Bf8 7. Ng3 d5 8. Be2 b6 9. O-O Bb7 10. b4 Nbd7 11. Qb3 c6 12. Bb2 Qc7 13. Rac1 Rac8 14. Rfd1 Qb8 15. e4 dxe4 16. Ncxe4 Rcd8 17. c5 Ba8 18. Qc2 Be7 19. Bd3 h6 20. Qe2 Nd5 21. Bb1 Nf8 22. Re1 Nf4 23. Qc2 Nd5 24. Rcd1 Nf4 25. Bc1 Nd5 26. Nh5 f5 27. Nc3 Rd7 28. Nxd5 cxd5 29. c6 Rc8 30. b5 Bd6 31. g3 Rf7 32. Bf4 g5 33. Be5 Ng6 34. Qb2 Rcf8 35. Re2 Nxe5 36. dxe5 Be7 37. a4 a5 38. Rde1 Qc7 39. Nf6+ Kh8 40. h3 Bc5 41. g4 Rxf6 42. gxf5 Rxf5 43. Bxf5 Rxf5 44. Rd1 Bxc6 45. bxc6 Qxc6 46. Qc2 Kg7 47. Rd4 Qd7 48. Rg4 Qf7 49. Kg2 Qg6 50. Qb3 h5 51. Rg3 Rf4 52. Rf3 Qf5 53. Rxf4 Qxf4 54. Qb5 Qf7 55. f3 h4 56. Qc6 Qf4 57. Qd7+ Kf8 58. Qd8+ Kf7 59. Qd7+ Kf8 60. Qd8+ Kf7 61. Qd7+ Be7 62. Rc2 Qg3+ 63. Kf1 1/2-1/2